 Dungeon Crawl Stone Soup version 0.23.2 (webtiles) character file.

Game seed: 1147350204189431910

40 Gargoyl the Skirmisher (level 3, -2/31 HPs)
             Began as a Centaur Abyssal Knight on Apr 3, 2019.
             Was a Follower of Lugonu.
             Slain by a rat (3 damage)
             ... on level 2 of the Dungeon.
             The game lasted 00:01:48 (1252 turns).

Gargoyl the Skirmisher (Centaur Abyssal Knight)     Turns: 1252, Time: 00:01:48

Health: -2/31      AC:  4    Str: 14    XL:     3   Next: 30%
Magic:  4/4        EV:  9    Int: 11    God:    Lugonu [*.....]
Gold:   40         SH:  0    Dex:  9    Spells: 2/2 levels left

rFire    . . .     SeeInvis .   a - +1 hand axe
rCold    . . .     Gourm    .   (no shield)
rNeg     . . .     Faith    .   b - +0 leather armour
rPois    .         Spirit   .   (no helmet)
rElec    .         Reflect  .   (no cloak)
rCorr    .         Harm     .   (no gloves)
MR       .....                  (no barding)
Stlth    ..........             (no amulet)
HPRegen  0.10/turn              (no ring)
MPRegen  0.09/turn              (no ring)

@: very quick
A: large, hooves 3, deformed body, speed 2, tough skin 3
a: Depart the Abyss, Renounce Religion


You were on level 2 of the Dungeon.
You worshipped Lugonu.
Lugonu was aware of your devotion.
You were hungry.

You visited 1 branch of the dungeon, and saw 2 of its levels.
You visited the Abyss 1 time.

You collected 40 gold pieces.

Inventory:

Hand Weapons
 a - a +1 hand axe (weapon)
Armour
 b - a +0 leather armour (worn)
Scrolls
 g - a scroll of teleportation
 j - a scroll of amnesia
Potions
 d - a potion of curing
 e - a potion of magic {unknown}
 h - 2 potions of resistance {unknown}
 i - a potion of haste {unknown}
 k - a potion of might {unknown}
 m - a potion of mutation {unknown}
 n - a potion of cancellation {unknown}
 o - a potion of lignification
Comestibles
 c - a ration


   Skills:
 + Level 3.4 Fighting
 + Level 2.0 Axes
 * Level 2.0 Armour
 * Level 1.0 Dodging
 * Level 2.3 Invocations


You had 2 spell levels left.
You didn't know any spells.
Your spell library was empty.

Dungeon Overview and Level Annotations

Branches:
Dungeon (2/15)

Altars:


Innate Abilities, Weirdness & Mutations

You have hooves in place of feet.
Armour fits poorly on your strangely shaped body.
You cover ground very quickly.
You have extremely tough skin. (AC +3)


Message History

The worm bites you.
You hit the worm.
The worm is moderately wounded.
You hit the hobgoblin. The hobgoblin hits you with a +0 club.
You barely miss the worm. You kick the worm!
The worm is almost dead.
You hit the hobgoblin.
You kill the hobgoblin!
Lugonu accepts your kill. The worm bites you.
You barely miss the worm.
The worm is severely wounded.
The worm bites you!
* * * LOW HITPOINT WARNING * * *
You hit the worm.
You kill the worm!
Lugonu accepts your kill.
Your Armour skill increases to level 2!
You closely miss the rat. The rat bites you.
You die...

...% #.#..#†# .....
#.#<##.####### ...
#.#.##.......# ##
#'######...########.#
...#.......####
.##.....(#.#
.........#.#
......)..######
.......@......#
......r.......#
##.##.........#
#.#...$####### #
#.############ #. ..
§§§ ###.##+#. #§#
#......##§#
#......'§§#


You could see a rat.

Vanquished Creatures
  An ooze (D:1)
  A worm (D:2)
  A dart slug (D:1)
  A leopard gecko (D:1)
  4 giant cockroaches (D:1)
  7 hobgoblins
  A ball python (D:1)
  2 bats
  5 frilled lizards
  5 kobolds (D:1)
  2 rats (D:1)
30 creatures vanquished.

Notes
Turn   | Place    | Note
-------+----------+-------------------------------------------
     0 | Abyss:1  | Gargoyl the Centaur Abyssal Knight began the quest for the
                  | Orb.
     0 | Abyss:1  | Reached XP level 1. HP: 19/19 MP: 2/2
    98 | Abyss:1  | Noticed a ynoxinul
    99 | D:1      | Escaped the Abyss
   119 | D:1      | Reached * piety under Lugonu
   119 | D:1      | Reached XP level 2. HP: 4/26 MP: 3/3
   447 | D:1      | Reached skill level 1 in Dodging
   842 | D:1      | Reached XP level 3. HP: 23/31 MP: 4/4
  1251 | D:2      | HP: 1/31 [worm (11)]
  1252 | D:2      | Slain by a rat

Skill      XL: |  1  2  3 |
---------------+----------+-----
Dodging        | 1 |  1.0
Axes           | 2 |  2.0
Armour         | 2 |  2.0
Fighting       | |  3.4
Invocations    | |  2.3

Action                   || total
-------------------------++-------
Melee: Hand axe          ||    73
       Kick              ||    12
Invok: Depart the Abyss  ||     1
  Use: Scroll            ||     5
       Potion            ||     1
Armor: Leather armour    ||    45
       Skin              ||     4
Dodge: Dodged            ||    52
